 Dungeon Crawl Stone Soup version 0.28.0-43-g3370ac3207 (webtiles) character file.

Game seed: 16427240798570882376

32 Cykl0x the Digger (level 3, -14/19 HPs)
             Began as a Gargoyle Earth Elementalist on Mar 11, 2022.
             Demolished by a gnoll
             ... wielding a +2 flail of protection
              (15 damage)
             ... on level 3 of the Dungeon.
             The game lasted 00:03:43 (2006 turns).

Cykl0x the Digger (Gargoyle Earth Elementalist)     Turns: 2006, Time: 00:03:43

Health: -14/19     AC:  5    Str: 11    XL:     3   Next: 27%
Magic:  2/6        EV: 12    Int: 17    God:
Gold:   106        SH:  0    Dex: 10    Spells: 2/6 levels left

rFire   . . .      SeeInvis .   e - +0 dagger
rCold   . . .      Faith    .   (no shield)
rNeg    + . .      Spirit   .   b - +0 robe
rPois   ∞          Reflect  .   (no helmet)
rElec   +          Harm     .   (no cloak)
rCorr   .          Rampage  .   (no gloves)
Will    .....                   (no boots)
Stlth   ++........              (no amulet)
HPRegen 0.06/turn               (no ring)
MPRegen 0.10/turn               (no ring)

@: no status effects
A: sickness immunity, AC +3, negative energy resistance 1, electricity
resistance, torment resistance 1, petrification resistance
a: no special abilities


You were on level 3 of the Dungeon.
You visited 1 branch of the dungeon, and saw 3 of its levels.

You collected 106 gold pieces.

Inventory:

Hand Weapons
 e - a +0 dagger (weapon)
Missiles
 c - 26 stones
Armour
 b - a +0 robe (worn)
Scrolls
 a - 3 scrolls of teleportation
Potions
 d - a potion of curing {unknown}
 f - a potion of ambrosia {unknown}
 h - a potion of magic {unknown}


   Skills:
 + Level 1.6 Dodging
 - Level 2.1 Stealth
 + Level 0.2 Unarmed Combat
 + Level 2.3 Spellcasting
 * Level 0.9 Conjurations
 - Level 0.7 Transmutations
 + Level 4.5 Earth Magic


You had 2 spell levels left.
You knew the following spells:

 Your Spells              Type           Power      Damage    Failure   Level
a - Sandblast             Erth           34%        2d9       3%          1
b - Stone Arrow           Conj/Erth      22%        3d8       19%         3

Your spell library contained the following spells:

 Spells                   Type           Power      Damage    Failure   Level
 Passwall                 Tmut/Erth      9%         N/A       10%         2
 Frozen Ramparts          Ice            4%         1d2       50%         3
 Petrify                  Tmut/Erth      11%        N/A       54%         4
 Animate Armour           Summ/Erth      18%        N/A       58%         4
 Ice Form                 Ice/Tmut       3%         N/A       85%         4
 Summon Ice Beast         Ice/Summ       2%         N/A       88%         4
 Blade Hands              Tmut           2%         N/A       98%         5
 Iron Shot                Conj/Erth      5%         9d2       100%        6


Dungeon Overview and Level Annotations

Branches:
Dungeon (3/15)

Altars:
Zin

Shops:
D:1 =([


Innate Abilities, Weirdness & Mutations

You are immune to sickness and miasma.
Your stone body is resilient. (AC +3)
You are immune to poison.
You resist negative energy. (rN+)
You are resistant to electric shocks. (rElec)
You are resistant to unholy torment.
You are immune to petrification.


Message History

Found a stone staircase leading down.
A gnoll comes into view.
It is wielding a +2 flail of protection.
The gnoll shouts!
A gnoll comes into view. It is wielding a +0 club.
The gnoll shouts!
You hear a shout!
A gnoll comes into view. It is wielding a +0 flail of venom.
You see here 17 stones.
c - 30 stones (gained 17)
A gnoll comes into view. It is wielding a +0 spear.
A rat comes into view.
Casting: Stone Arrow (extremely dangerous; 19% risk of failure)
Confirm with . or Enter, or press ? or * to list all spells.
The spell is extremely dangerous to miscast (19% risk of failure)!
Continue anyway?
Aiming: Stone Arrow (extremely dangerous; 19% risk of failure)
Press: ? - help, Shift-Dir - straight line, f - gnoll
Aim: a gnoll, wielding a +2 flail of protection (72% to hit)
Okay, then.
There is a stone staircase leading up here.
The blast of sand hits the gnoll but does no damage.
The blast of sand hits the gnoll but does no damage.
The gnoll hits you with a +2 flail of protection.
The blast of sand hits the gnoll!
The gnoll is almost dead.
The gnoll hits you with a +2 flail of protection!
Ouch! That really hurt!
* * * LOW HITPOINT WARNING * * *
You are too injured to fight recklessly!
You are too injured to fight recklessly!
You are too injured to fight recklessly!
Unknown command.
Casting: Sandblast (safe; 3% risk of failure)
Confirm with . or Enter, or press ? or * to list all spells.
Aiming: Sandblast (safe; 3% risk of failure)
Press: ? - help, Shift-Dir - straight line, f/p - gnoll
Aim: a gnoll, wielding a +2 flail of protection (almost dead, 82% to hit)
The blast of sand hits the gnoll but does no damage.
The gnoll is almost dead.
The gnoll hits you with a +2 flail of protection!
Ouch! That really hurt!
You die...

#.# ......... .#
#.######....§§..# .#
#...............##.#
#....)##.#.........##
#.###...............
..# ####...........#
..#
#.####....#.###...
..# #.# #..........#
..# #.## #...@#####.#
..# ##.#####g## ..#
##†###r##
..#########.gg##
.......gg....##
......g#######
#.####.# #.# #.# #.#
#.#


You could see 3 gnolls and a rat.

Vanquished Creatures
  A worm (D:2)
  2 dart slugs
  An orc (D:2)
  An endoplasm (D:2)
  A giant cockroach (D:2)
  2 hobgoblins
  2 quokkas (D:3)
  6 ball pythons
  4 bats (D:1)
  A frilled lizard (D:1)
  A goblin (D:3)
  2 kobolds (D:1)
  3 rats
27 creatures vanquished.

Notes
Turn   | Place    | Note
-------+----------+-------------------------------------------
     0 | D:1      | Cykl0x the Gargoyle Earth Elementalist began the quest for
                  | the Orb.
     0 | D:1      | Reached XP level 1. HP: 10/10 MP: 3/3
   200 | D:1      | Found Zoohack's Antique Armour Emporium.
   286 | D:1      | Reached skill level 4 in Earth Magic
   286 | D:1      | Reached XP level 2. HP: 12/15 MP: 0/5
   363 | D:1      | Found Havis's Weapon Emporium.
   579 | D:1      | Found Xooriuf's Jewellery Boutique.
  1072 | D:2      | Found a faded altar of an unknown god.
  1505 | D:2      | Reached XP level 3. HP: 13/19 MP: 2/6
  1509 | D:2      | Learned a level 3 spell: Stone Arrow
  1910 | D:3      | Found a glowing silver altar of Zin.
  2006 | D:3      | Demolished by a gnoll

Illustrated notes

Levels and vault maps discovered:
D:1:      wander_arrival_desolate, layout_loops_ring, serial_shops, shop, shop,
          nicolae_shop_bloodbath_and_beyond
D:2:      layout_rooms, dreamdust_ecumenical_altar_sealed_demon
D:3:      layout_loops_ring, mainiacjoe_overflow_tiny_flanked,
          mainiacjoe_overflow_surrounded_room

Skill      XL: |  1 |
---------------+----+-----
Earth Magic    | 4 |  4.5
Dodging        | |  1.6
Stealth        | |  2.1
Unarmed Combat | |  0.2
Spellcasting   | |  2.3
Conjurations   | |  0.9
Transmutations | |  0.7

Action                   || total
-------------------------++-------
Melee: Unarmed           ||     6
       Dagger            ||    20
 Cast: Sandblast         ||    37
       Stone Arrow       ||     6
  Use: Scroll            ||     3
Armor: Robe              ||     7
Dodge: Dodged            ||    11
